[Event "ICCopen2016"]
[Site "Internet Chess Club"]
[Date "2016.06.03"]
[Round "7"]
[White "Mad-Cobra"]
[Black "boydjj"]
[Result "1-0"]
[ICCResult "Black forfeits on time"]
[WhiteElo "1864"]
[BlackElo "1493"]
[Opening "Queen's pawn"]
[ECO "A40"]
[NIC "QO.17"]
[Time "20:06:15"]
[TimeControl "180+0"]

1. d4 e6 2. e3 b6 3. f4 Bb7 4. Nf3 Qe7 5. Be2 Nc6 6. g3 O-O-O 7. O-O h5 8.
h4 f6 9. Kh2 g5 10. fxg5 Qg7 11. c3 Bd6 12. Kh3 Nge7 13. b4 Rhg8 14. e4 e5
15. d5 Nb8 16. a4 fxg5 17. Nxg5 Ng6 18. Bxh5 Rh8 19. Rf7 Qh6 20. a5 Nf4+ 21.
gxf4 Qxh5 22. Qxh5 Rxh5 23. Rh7 Rxh7 24. Nxh7 exf4 25. Nf6 Ba6 26. axb6 axb6
27. Kg4 Be2+ 28. Kf5 f3 29. e5 Bf8 30. Be3 Be7 31. Bf2 Rf8 32. Nd2 d6 33.
Bg3 dxe5 34. Bxe5 f2 35. b5 Kb7 36. Ke6 Bxf6 37. Bxf6 Bxb5 38. c4 Bd7+ 39.
Ke5 Bh3 40. Rh1 Nd7+ 41. Kd4 Bg2 42. Rh2 f1=Q 43. Nxf1 Bxf1 44. Bg5 Nb8 45.
h5 Na6 46. h6 Rh8 47. h7 Nb4 48. Bf6 Rf8 49. h8=Q Rxh8 50. Bxh8 Bd3 51. c5
Bf5 52. c6+ Ka6 53. Bf6 {Black forfeits on time} 1-0

[Event "ICCopen2016"]
[Site "Internet Chess Club"]
[Date "2016.06.03"]
[Round "7"]
[White "ebochess"]
[Black "paulohaddad"]
[Result "1-0"]
[ICCResult "Black checkmated"]
[WhiteElo "1449"]
[BlackElo "1664"]
[Opening "Queen's pawn"]
[ECO "A40"]
[NIC "QO.17"]
[Time "20:06:07"]
[TimeControl "180+0"]

1. d4 e6 2. Nf3 d5 3. Bf4 c5 4. e3 Nc6 5. c3 Nf6 6. Bd3 Bd6 7. Bg5 h6 8. Bh4
a6 9. O-O b5 10. Nbd2 c4 11. Bc2 g5 12. Bg3 Rg8 13. Re1 Bxg3 14. hxg3 Nd7
15. e4 dxe4 16. Nxe4 Qe7 17. Qe2 Nb6 18. Rad1 Bb7 19. Nc5 Nd5 20. Nxb7 Qxb7
21. Ne5 O-O-O 22. Qf3 f6 23. Ng4 f5 24. Nxh6 Rh8 25. Nxf5 exf5 26. Bxf5+ Kb8
27. Re5 Nb6 28. Re6 Na5 29. Be4 Qc7 30. Bf5 Nb7 31. Rde1 Nd6 32. Re7 Nd7 33.
Qd5 Nxf5 34. Qxf5 Rhf8 35. Qxg5 Qd6 36. R1e6 Qc7 37. Rxa6 Qa7 38. Rxa7 Kxa7
39. Qxb5 Rb8 40. Qxd7+ Rb7 41. Qxb7# {Black checkmated} 1-0

[Event "ICCopen2016"]
[Site "Internet Chess Club"]
[Date "2016.06.03"]
[Round "7"]
[White "RobbieWilliams"]
[Black "DetectiveStark"]
[Result "0-1"]
[ICCResult "White resigns"]
[WhiteElo "1813"]
[BlackElo "2461"]
[Opening "Queen's pawn game"]
[ECO "D00"]
[NIC "QP.08"]
[Time "20:06:55"]
[TimeControl "180+0"]

1. d4 d5 2. e3 c6 3. Bd3 Nf6 4. Nd2 Bg4 5. f3 Bh5 6. Ne2 Nbd7 7. f4 e6 8.
O-O Be7 9. c3 O-O 10. Qe1 Bg6 11. Bb1 Bxb1 12. Rxb1 Ne8 13. e4 dxe4 14. Nxe4
Ndf6 15. Ng5 h6 16. Nf3 c5 17. Be3 Qc7 18. h3 Nd6 19. Ne5 Nf5 20. Bf2 cxd4
21. Nxd4 Nxd4 22. Bxd4 Bc5 23. Rd1 Rfd8 24. Qf2 Bxd4 25. Rxd4 Rxd4 26. Qxd4
Qa5 27. a3 Rd8 28. Qe3 Qa4 29. Re1 b6 30. Kh2 Qb3 31. Re2 Rd1 32. f5 exf5
33. Nc6 Qb5 34. Ne7+ Kh7 35. Qf4 Qxe2 36. Qxf5+ g6 37. Qxf6 Qe6 38. Qh4 Rd7
39. Nc8 Rc7 40. Qd8 Rxc8 41. Qd4 Re8 42. Kh1 Qe1+ 43. Kh2 Qe5+ 44. Qxe5 Rxe5
45. Kg3 Re2 46. b4 Rb2 47. c4 Rb3+ 48. Kf4 Rxa3 49. c5 bxc5 50. bxc5 Rc3 51.
Ke5 Rxc5+ 52. Kd4 Rc8 53. g4 a5 54. Kd5 a4 {White resigns} 0-1

[Event "ICCopen2016"]
[Site "Internet Chess Club"]
[Date "2016.06.03"]
[Round "7"]
[White "D-Fernandez"]
[Black "El-Kaiser"]
[Result "1-0"]
[ICCResult "Black resigns"]
[WhiteElo "2996"]
[BlackElo "2382"]
[Opening "QGA, Bogolyubov variation"]
[ECO "D24"]
[NIC "QG.05"]
[Time "20:06:03"]
[TimeControl "180+0"]

1. d4 d5 2. c4 dxc4 3. Nf3 Nf6 4. Nc3 a6 5. e4 b5 6. e5 Nd5 7. Ng5 f6 8.
Qh5+ g6 9. Qf3 Bb7 10. Ne6 Qc8 11. Nc5 Nxc3 12. Nxb7 c6 13. bxc3 Qxb7 14.
exf6 exf6 15. Be2 Kf7 16. O-O Bd6 17. Rb1 Nd7 18. Bxc4+ Kg7 19. Re1 Rhe8 20.
Be6 Nb6 21. Qh3 Qc7 22. Bh6+ Kh8 23. Qf3 f5 24. g4 Rxe6 25. Rxe6 f4 26. Rbe1
Qd7 27. Bxf4 Rf8 28. Be5+ Kg8 29. Rxd6 Qxd6 30. Qg3 Qe6 31. h4 Nd5 32. h5
Qf7 33. hxg6 Qxg6 34. f4 Qc2 35. f5 Qxc3 36. Qxc3 Nxc3 37. Kf2 b4 38. Rc1
Rd8 39. a3 a5 40. Bc7 Rd5 41. Bxa5 Rxa5 42. axb4 Ra2+ 43. Ke3 Nd5+ 44. Ke4
Nxb4 45. Rc4 Rb2 46. Ke5 Re2+ 47. Kf6 Nd5+ 48. Kg5 Ne7 49. f6 Nd5 50. Rxc6
Rf2 51. Rd6 Ne3 52. Rd8+ Kf7 53. Rd7+ Kg8 54. Rg7+ Kh8 55. Re7 h6+ 56. Kg6
{Black resigns}
1-0

[Event "ICCopen2016"]
[Site "Internet Chess Club"]
[Date "2016.06.03"]
[Round "7"]
[White "ciatouciso"]
[Black "Ohanessian"]
[Result "0-1"]
[ICCResult "White forfeits on time"]
[WhiteElo "1674"]
[BlackElo "2195"]
[Opening "Dutch with c4 & Nc3"]
[ECO "A85"]
[NIC "HD.05"]
[Time "20:06:07"]
[TimeControl "180+0"]

1. d4 f5 2. c4 Nf6 3. Nc3 e6 4. a3 d5 5. cxd5 exd5 6. Bg5 c6 7. Qd2 Bd6 8.
e3 O-O 9. Nf3 Nbd7 10. Bd3 g6 11. h3 Qa5 12. O-O Qc7 13. Rac1 Qb8 14. Rb1
Ne4 15. Bxe4 fxe4 16. Ne1 Nf6 17. Bxf6 Rxf6 18. f3 exf3 19. Rxf3 Rxf3 20.
Nxf3 Bf5 21. Rf1 Qd8 22. Re1 Qf6 23. e4 dxe4 24. Nxe4 Bxe4 25. Rxe4 Rf8 26.
Qe3 Bc7 27. Re7 Bb6 28. Rxb7 Qd6 29. Qe7 Qxe7 30. Rxe7 Rd8 31. Re4 c5 32.
dxc5 Bxc5+ 33. Kf1 Rd1+ 34. Ke2 Rb1 35. b4 Bb6 36. a4 Rb2+ 37. Kd3 Rxg2 38.
a5 Bf2 39. Ne5 Rg3+ 40. Kc4 Rxh3 41. Nc6 h5 42. b5 Ra3 43. Kb4 Ra1
{White forfeits on time}
0-1

[Event "ICCopen2016"]
[Site "Internet Chess Club"]
[Date "2016.06.03"]
[Round "7"]
[White "Tresor77"]
[Black "Mandragora"]
[Result "1-0"]
[ICCResult "Black forfeits on time"]
[WhiteElo "1450"]
[BlackElo "1554"]
[Opening "Sicilian"]
[ECO "B54"]
[NIC "SI.01"]
[Time "20:05:57"]
[TimeControl "180+0"]

1. e4 c5 2. Nf3 d6 3. d4 cxd4 4. Nxd4 Nc6 5. Nc3 Bd7 6. Be2 a6 7. O-O Nf6 8.
Kh1 g6 9. f4 Bg7 10. Be3 Rc8 11. h3 Nxd4 12. Bxd4 Rxc3 13. Bxc3 O-O 14. Bf3
Qb6 15. Qe2 Bh6 16. Qf2 Qb5 17. g3 g5 18. f5 g4 19. hxg4 Bc6 20. Rae1 Qa4
21. Bd4 e5 22. fxe6 fxe6 23. Bc3 Nxg4 24. Qe2 Ne3 25. Rf2 Bxe4 26. Bxe4
Qxe4+ 27. Kg1 d5 28. Bd2 d4 29. Bxe3 Bxe3 30. Rf1 Rxf2 31. Rxf2 Bxf2+ 32.
Qxf2 Qe3 33. Kg2 Qxf2+ 34. Kxf2 e5 35. Ke2 Kf7 36. Kd3 Ke6 37. Ke4 Kd6 38.
b3 {Black forfeits on time} 1-0

[Event "ICCopen2016"]
[Site "Internet Chess Club"]
[Date "2016.06.03"]
[Round "7"]
[White "anitak"]
[Black "darthvader"]
[Result "0-1"]
[ICCResult "White forfeits on time"]
[WhiteElo "2183"]
[BlackElo "1894"]
[Opening "English opening"]
[ECO "A10"]
[NIC "EO.64"]
[Time "20:05:54"]
[TimeControl "180+0"]

1. c4 d6 2. Nc3 Nf6 3. g3 g6 4. Bg2 Bg7 5. e3 O-O 6. Nge2 Nc6 7. Rb1 a5 8.
a3 e5 9. b4 axb4 10. axb4 Rb8 11. Nd5 Ne7 12. Nec3 c6 13. Nxe7+ Qxe7 14. b5
c5 15. d3 Be6 16. O-O b6 17. Ra1 Rfd8 18. Nd5 Nxd5 19. cxd5 Bd7 20. Qb3 Qe8
21. Rb1 Ra8 22. Bd2 Ra7 23. e4 Rda8 24. Bc1 Ra5 25. Bd2 Rxb5 26. Qc2 Rxb1
27. Rxb1 b5 28. f4 b4 29. h3 Qc8 30. Kh2 Qa6 31. Bf1 Qa4 32. Qc1 exf4 33.
Bxf4 Be5 34. Bxe5 dxe5 35. Rb2 Qa3 36. Qb1 Rb8 37. Be2 Qc3 38. Rc2 Qd4 39.
Kg2 Qe3 40. Bf3 h5 41. Re2 Qd4 42. g4 hxg4 43. hxg4 b3 44. Kg3 b2 45. Rh2
Kg7 46. Qh1 b1=Q 47. Rh7+ Kf8 48. Rh8+ Ke7 49. Qh4+ Kd6 50. Qf6+ Kc7 51.
Rxb8 Qxb8 52. Qxf7 Qe8 {White forfeits on time} 0-1

[Event "ICCopen2016"]
[Site "Internet Chess Club"]
[Date "2016.06.03"]
[Round "7"]
[White "HouseOfFun"]
[Black "RussianCowboy"]
[Result "0-1"]
[ICCResult "White forfeits on time"]
[WhiteElo "2442"]
[BlackElo "1976"]
[Opening "Queen's Pawn"]
[ECO "A41"]
[NIC "QO.17"]
[Time "20:05:48"]
[TimeControl "180+0"]

1. d4 d6 2. Bg5 Nd7 3. c3 Ngf6 4. Nd2 e5 5. e4 Be7 6. Ngf3 O-O 7. Bd3 Nh5 8.
Bxe7 Qxe7 9. O-O Nf4 10. Qc2 Re8 11. Rfe1 Nf8 12. Bf1 N8g6 13. dxe5 dxe5 14.
Nc4 Bg4 15. Nfd2 Rad8 16. Ne3 Bc8 17. g3 Nh3+ 18. Kg2 c6 19. Nf3 h5 20. Nf5
Ngf4+ 21. gxf4 Nxf4+ 22. Kh1 Qf6 23. Rad1 g6 24. Ng3 Bg4 25. Ng1 Bxd1 26.
Rxd1 h4 27. Rxd8 Rxd8 28. N3e2 Nh5 29. f3 Qg5 30. Bg2 Qd2 31. Qxd2 Rxd2 32.
b4 Rxa2 33. Bf1 Kg7 34. Kg2 b6 35. Kf2 a5 36. Ke3 axb4 37. cxb4 Rb2 38. Nh3
Rxb4 39. Nc3 b5 40. Nf2 Rb2 41. Ncd1 Rb3+ 42. Bd3 Nf4 43. Kd2 c5 44. Ne3 c4
45. Bc2 Ra3 46. Nfd1 Ra8 47. Nc3 b4 48. Ncd5 c3+ 49. Kc1 Ra1+ 50. Bb1 Nd3+
51. Kc2 Ne1+ 52. Kc1 Nxf3 53. Nxb4 Nd4 54. Nbc2 Nxc2 55. Nxc2 Ra7 56. Na3
Rxa3 57. Kc2 Ra7 58. Ba2 Rc7 59. Bb3 Kf6 60. Bc4 Ke7 61. Bd3 f5 62. Bc4 Kf6
63. Bd5 Kg5 64. exf5 gxf5 65. Bg2 e4 66. Bf1 Kf4 67. Bd3 Ke3 68. Bxe4 fxe4
{White forfeits on time}
0-1

[Event "ICCopen2016"]
[Site "Internet Chess Club"]
[Date "2016.06.03"]
[Round "7"]
[White "Entoloma"]
[Black "olakenn"]
[Result "1/2-1/2"]
[ICCResult "Game drawn because neither player has mating material"]
[WhiteElo "2027"]
[BlackElo "1708"]
[Opening "Queen's pawn"]
[ECO "A40"]
[NIC "QO.17"]
[Time "20:06:20"]
[TimeControl "180+0"]

1. d4 c6 2. Nf3 d5 3. Bf4 e6 4. e3 Bd6 5. Bg3 Bxg3 6. hxg3 Nf6 7. c4 a6 8.
a4 b6 9. Nc3 Bb7 10. Bd3 Nbd7 11. Qc2 Qc7 12. Rc1 dxc4 13. Bxc4 b5 14. axb5
cxb5 15. Bd3 Rc8 16. Ne2 Qxc2 17. Rxc2 Rxc2 18. Bxc2 Nb6 19. b3 Nbd5 20. Kd2
Nb4 21. Bb1 Ke7 22. Kc3 a5 23. Kd2 h6 24. Rc1 Rc8 25. Rxc8 Bxc8 26. Nc3 Bd7
27. Ne5 a4 28. Nxd7 Nxd7 29. Nxb5 axb3 30. Kc3 Nd5+ 31. Kxb3 e5 32. Nc3 N5f6
33. dxe5 Nxe5 34. f3 g5 35. Ne4 Nxe4 36. Bxe4 Ke6 37. Kc3 f5 38. Bc2 g4 39.
Bb3+ Kf6 40. Bd1 h5 41. Kd4 Nc6+ 42. Kd5 Ne5 43. f4 Nd3 44. e4 fxe4 45. Bc2
Nf2 46. Bxe4 Nh1 47. Kd4 Nxg3 48. Ke3 Nxe4 49. Kxe4 h4 50. Kd4 Kf5 51. Ke3
h3 52. gxh3 gxh3 53. Kf3 h2 54. Kg2 Kxf4 55. Kxh2
{Game drawn because neither player has mating material}
1/2-1/2

[Event "ICCopen2016"]
[Site "Internet Chess Club"]
[Date "2016.06.03"]
[Round "7"]
[White "alphajet26"]
[Black "Reverse-Flash"]
[Result "1-0"]
[ICCResult "Black forfeits on time"]
[WhiteElo "1671"]
[BlackElo "2134"]
[Opening "Alekhine's defense: Scandinavian variation"]
[ECO "B02"]
[NIC "AL.10"]
[Time "20:06:14"]
[TimeControl "180+0"]

1. e4 Nf6 2. Nc3 d5 3. exd5 Nxd5 4. d4 Nxc3 5. bxc3 e5 6. Nf3 Bg4 7. Be2 Nc6
8. O-O Be7 9. dxe5 Qxd1 10. Rxd1 Nxe5 11. Nxe5 Bxe2 12. Re1 Ba6 13. Ng4 f6
14. Ba3 O-O-O 15. Rxe7 Rd2 16. Rc1 Rhd8 17. Ne3 f5 18. h3 f4 19. Ng4 f3 20.
gxf3 Rf8 21. Kg2 Be2 22. Rxc7+ Kxc7 23. Bxf8 Bd1 24. Ne3 Be2 25. Bxg7 Rd7
26. Be5+ Kc6 27. Re1 Ba6 28. f4 Rf7 29. Rd1 b6 30. Rd6+ Kb5 31. Rd5+
{Black forfeits on time}
1-0

[Event "ICCopen2016"]
[Site "Internet Chess Club"]
[Date "2016.06.03"]
[Round "7"]
[White "fito"]
[Black "Nightlife"]
[Result "1/2-1/2"]
[ICCResult "Game drawn because neither player has mating material"]
[WhiteElo "2266"]
[BlackElo "1858"]
[Opening "French: Winawer (Nimzovich) variation"]
[ECO "C15"]
[NIC "FR.08"]
[Time "20:06:13"]
[TimeControl "180+0"]

1. e4 e6 2. d4 d5 3. Nc3 Bb4 4. exd5 exd5 5. Nf3 Nf6 6. Bd3 O-O 7. O-O c6 8.
Bg5 Be6 9. Re1 Nbd7 10. Ne5 Be7 11. Qf3 h6 12. Bd2 c5 13. dxc5 Nxc5 14. Rad1
Nxd3 15. Qxd3 a6 16. Bf4 Nh5 17. Bg3 Nxg3 18. hxg3 Qb6 19. Nxd5 Bxd5 20.
Qxd5 Qxb2 21. Rb1 Qxc2 22. Rxb7 Bc5 23. Rxf7 Rxf7 24. Qxf7+ Kh8 25. Re4 Qxe4
26. Qe6 Qe1+ 27. Kh2 Qxf2 28. Nf7+ Kh7 29. Qe4+ Kg8 30. Nxh6+ gxh6 31. Qxa8+
Bf8 32. Qxa6 Qf5 33. Qc4+ Qf7 34. Qxf7+ Kxf7 35. Kh3 Be7 36. Kg4 Kg6 37. a4
Bd6 38. a5 Bb8 39. a6 Ba7 40. Kf4 Kh5 41. Kf5 Bb6 42. Kf4 Bc7+ 43. Kf5 Bb8
44. g4+ Kh4 45. Kg6 Kxg4 46. Kxh6 Kg3 47. Kg6 Kxg2 48. Kf7 Kf3 49. Ke6 Ke4
50. Kd7 Kd5 51. Kc8 Ba7 52. Kb7 Bd4 53. Kb8 Kc6 54. a7 Bxa7+
{Game drawn because neither player has mating material}
1/2-1/2

[Event "ICCopen2016"]
[Site "Internet Chess Club"]
[Date "2016.06.03"]
[Round "7"]
[White "psychopat2016"]
[Black "nicetry"]
[Result "1-0"]
[ICCResult "Black forfeits on time"]
[WhiteElo "1324"]
[BlackElo "1195"]
[Opening "French: Labourdonnais variation"]
[ECO "C00"]
[NIC "FR.01"]
[Time "20:05:55"]
[TimeControl "180+0"]

1. e4 e6 2. f4 d5 3. e5 c5 4. Nf3 Ne7 5. Bb5+ Bd7 6. Bxd7+ Nxd7 7. O-O Nf5
8. g4 Nh6 9. d4 b6 10. dxc5 bxc5 11. g5 Nf5 12. Qe2 h6 13. Qb5 Rb8 14. Qc6
Rc8 15. Qb7 Rc7 16. Qb3 c4 17. Qa4 Bc5+ 18. Kh1 hxg5 19. Nxg5 Qe7 20. Nc3 f6
21. Nb5 Rb7 22. b4 Bb6 23. Nd6+ Nxd6 24. exd6 Qxd6 25. Nf3 Ke7 26. b5 Nc5
27. Qa3 Qd8 28. Nd4 Kf7 29. Nc6 Qd7 30. Be3 Ne4 31. Bxb6 axb6 32. Rae1 Ng3+
33. Kg2 Nxf1 34. Rxf1 d4 35. f5 Qd5+ 36. Kg1 e5 37. Qa6 Qd7 38. Qa3 Rc8 39.
Nxe5+ fxe5 40. f6 gxf6 41. Qg3 Rg8 42. Qxg8+ Kxg8 43. Rxf6 Qg7+ 44. Rg6
Qxg6+ 45. Kf1 Rf7+ 46. Ke2 Qh5+ 47. Kd2 Qxh2+ 48. Kc1 Rf1+ 49. Kb2
{Black forfeits on time}
1-0

[Event "ICCopen2016"]
[Site "Internet Chess Club"]
[Date "2016.06.03"]
[Round "7"]
[White "maly"]
[Black "Arostos"]
[Result "0-1"]
[ICCResult "White checkmated"]
[WhiteElo "2426"]
[BlackElo "1940"]
[Opening "Old Indian defense"]
[ECO "A42"]
[NIC "OI.07"]
[Time "20:06:13"]
[TimeControl "180+0"]

1. d4 d6 2. c4 e5 3. Nc3 Nc6 4. d5 Nce7 5. e4 g6 6. g3 Bg7 7. Bg2 f5 8. Nge2
Nf6 9. O-O O-O 10. f4 fxe4 11. fxe5 dxe5 12. Nxe4 Nxe4 13. Rxf8+ Qxf8 14.
Bxe4 Nf5 15. Bd2 Qc5+ 16. Kg2 Qxc4 17. Nc3 Nd4 18. Rc1 Bf5 19. Qe1 Rf8 20.
b3 Qb4 21. Bxf5 Rxf5 22. Ne4 Qb5 23. Nc3 Qb6 24. Be3 Qf6 25. Ne4 Qf7 26.
Bxd4 exd4 27. Qa5 Qxd5 28. Qxd5+ Rxd5 29. Rxc7 d3 30. Rc1 Rd4 31. Kf2 Rxe4
32. Kf3 Rd4 33. Rd1 d2 34. h4 Kf7 35. a3 Ke6 36. g4 Kd5 37. Ke3 Be5 38. h5
g5 39. h6 Bf4+ 40. Ke2 Re4+ 41. Kd3 Re1 42. Kc2 Rxd1 43. Kxd1 Ke4 44. b4 Kf3
45. a4 Kxg4 46. a5 Kh5 47. b5 Kxh6 48. b6 axb6 49. a6 bxa6 50. Kc2 Kg6 51.
Kd1 h5 52. Kc2 h4 53. Kd1 h3 54. Kc2 h2 55. Kd1 h1=Q+ 56. Kc2 d1=Q+ 57. Kb2
Qc1+ 58. Ka2 Qg2+ 59. Kb3 Qgb2+ 60. Ka4 Qca1# {White checkmated} 0-1

[Event "ICCopen2016"]
[Site "Internet Chess Club"]
[Date "2016.06.03"]
[Round "7"]
[White "DukeBishop"]
[Black "Grann"]
[Result "1-0"]
[ICCResult "Black forfeits on time"]
[WhiteElo "1599"]
[BlackElo "1484"]
[Opening "Sicilian: wing gambit"]
[ECO "B20"]
[NIC "SI.48"]
[Time "20:05:57"]
[TimeControl "180+0"]

1. e4 c5 2. b4 cxb4 3. d4 d5 4. Bd3 dxe4 5. Bxe4 Nf6 6. Bd3 Nc6 7. Bb2 g6 8.
h3 Bg7 9. Nf3 O-O 10. O-O a5 11. a3 bxa3 12. Nxa3 Re8 13. Re1 Nb4 14. Bc4
Nfd5 15. Bb5 Nc6 16. c4 Nf4 17. Ra2 Bd7 18. Bc1 Nh5 19. d5 Nb4 20. Rae2 Na6
21. g4 Nf6 22. g5 Nh5 23. h4 Nc5 24. d6 e5 25. Nxe5 Bxe5 26. Rxe5 Rxe5 27.
Rxe5 Be6 28. Rxc5 Qb6 29. Qd4 Rd8 30. Bb2 f6 31. gxf6 Bf7 32. d7 a4 33. Rc8
Nxf6 34. Qxb6 Kg7 35. Rxd8 Bxc4 36. Qxf6+ Kh6 37. Bc1+ {Black forfeits on
time} 1-0

[Event "ICCopen2016"]
[Site "Internet Chess Club"]
[Date "2016.06.03"]
[Round "7"]
[White "MAU"]
[Black "elshaddai"]
[Result "1-0"]
[ICCResult "Black forfeits on time"]
[WhiteElo "1830"]
[BlackElo "1587"]
[Opening "Queen's pawn game"]
[ECO "D02"]
[NIC "QP.09"]
[Time "20:06:30"]
[TimeControl "180+0"]

1. Nf3 d5 2. d4 e6 3. Bg5 Nf6 4. c3 Be7 5. Nbd2 h6 6. Bh4 O-O 7. Qc2 c5 8.
e3 c4 9. e4 b5 10. e5 Nh7 11. Bxe7 Qxe7 12. g4 Bb7 13. h4 f5 14. gxf5 Rxf5
15. Bh3 Rf4 16. h5 Ng5 17. Bg2 Nxf3+ 18. Bxf3 Nc6 19. O-O-O Raf8 20. Rh3 b4
21. Rg1 bxc3 22. Qxc3 Nb4 23. Kb1 Nd3 24. Rhg3 R8f7 25. R1g2 Ne1 26. Rg1 Nd3
27. R1g2 Bc6 28. b3 Bb5 29. bxc4 Bxc4 30. Nxc4 dxc4 31. Qxc4 Rxf3 32. Qc8+
Kh7 33. Qc2 Qb7+ 34. Ka1 Rxg3 35. Rxg3 Qb2+ 36. Qxb2 Nxb2 37. Kxb2 Rxf2+ 38.
Kb3 Rh2 39. a4 Rxh5 40. Kc4 Rh1 41. Kc5 Ra1 42. Kd6 Rxa4 43. Kxe6 Rxd4 44.
Kf7 Rd7+ 45. Ke6 Rb7 46. Kd6 g5 47. e6 Kg7 48. Rf3 {Black forfeits on time}
1-0

[Event "ICCopen2016"]
[Site "Internet Chess Club"]
[Date "2016.06.03"]
[Round "7"]
[White "Catknight"]
[Black "nurmi"]
[Result "0-1"]
[ICCResult "White forfeits on time"]
[WhiteElo "1924"]
[BlackElo "2305"]
[Opening "QGA, 4.Nc3"]
[ECO "D24"]
[NIC "QG.05"]
[Time "20:06:03"]
[TimeControl "180+0"]

1. d4 d5 2. c4 dxc4 3. Nf3 Nf6 4. Nc3 a6 5. a4 e6 6. e3 c5 7. Bxc4 Nc6 8.
O-O Be7 9. dxc5 Qxd1 10. Rxd1 Bxc5 11. Nd4 Nxd4 12. exd4 Bb4 13. Bg5 O-O 14.
d5 Bxc3 15. bxc3 Nxd5 16. Bxd5 exd5 17. Rxd5 Be6 18. Rd4 Rfc8 19. Rb4 Bd5
20. Rc1 f6 21. Be3 Kf7 22. Rd4 Bc6 23. h3 Rd8 24. Rcd1 Rxd4 25. Rxd4 Ke6 26.
Kh2 Rc8 27. Rg4 g5 28. a5 Bd5 29. Bd4 Rc4 30. h4 h6 31. hxg5 hxg5 32. Rg3
Ra4 33. Re3+ Kf5 34. Re7 Rxa5 35. Kg3 Rb5 36. Rd7 Ke6 37. Rh7 f5 38. Rh6+
Kf7 39. Rf6+ Ke7 40. Rxf5 Bc6 41. Rxb5 Bxb5 42. Bc5+ Kf6 43. Bb4 Kf5 44. Kf3
Bc6+ 45. Ke3 Bxg2 46. f3 Bf1 47. Kf2 Bb5 48. Ke3 Bc6 49. Kf2 b6 50. c4 a5
51. Ba3 Ba4 52. Ke3 Bb3 53. c5 b5 54. c6 Be6 55. c7 Bd7 56. Bd6 Ke6 57. Bg3
Kd5 58. Kd3 a4 59. Kc3 Kc5 60. Bf2+ Kc6 61. Bg3 Kb6 62. f4 gxf4 63. Bxf4 Ka5
64. Bd2 b4+ 65. Kb2 Kb5 66. Bf4 Kc4 67. Kc2 a3 68. Kb1 Bf5+ 69. Ka1 b3 70.
Be5 Kd3 71. Bb2 axb2+ 72. Kxb2 Kc4 73. Ka3 Bc8 74. Kb2 Kb4 75. Kb1 Kc3 76.
Kc1 b2+ {White forfeits on time} 0-1

[Event "ICCopen2016"]
[Site "Internet Chess Club"]
[Date "2016.06.03"]
[Round "7"]
[White "blitzmaniac"]
[Black "BrentMusburger"]
[Result "0-1"]
[ICCResult "White checkmated"]
[WhiteElo "2858"]
[BlackElo "2455"]
[Opening "Queen's pawn: Chigorin variation"]
[ECO "D00"]
[NIC "QP.08"]
[Time "20:06:38"]
[TimeControl "180+0"]

1. d4 d5 2. Nc3 Nf6 3. Bf4 c6 4. e3 g6 5. f3 Bg7 6. Qd2 O-O 7. g4 Re8 8. h4
Nbd7 9. O-O-O e5 10. Bg3 Qa5 11. Kb1 b5 12. h5 b4 13. Nce2 exd4 14. exd4 Nb6
15. Nf4 Nc4 16. Bxc4 dxc4 17. hxg6 hxg6 18. Qh2 c3 19. d5 Ba6 20. g5 Bc4 21.
b3 Qa3 22. Nd3 Bxd3 23. cxd3 Nh5 24. Bh4 a5 25. Qc2 a4 26. Nh3 axb3 27. Qxb3
Qxb3+ 28. axb3 Ra3 29. Rhe1 Rxb3+ 30. Kc1 Ra8 31. Re2 Ra1+ 32. Kc2 Rb2#
{White checkmated}
0-1

[Event "ICCopen2016"]
[Site "Internet Chess Club"]
[Date "2016.06.03"]
[Round "7"]
[White "airantrobo"]
[Black "Shadowbane"]
[Result "0-1"]
[ICCResult "White forfeits on time"]
[WhiteElo "1528"]
[BlackElo "1705"]
[Opening "Robatsch (modern) defense"]
[ECO "A40"]
[NIC "KF.05"]
[Time "20:06:36"]
[TimeControl "180+0"]

1. d4 g6 2. e4 Bg7 3. Bc4 h6 4. Nf3 d6 5. O-O a6 6. c3 Nf6 7. Nbd2 O-O 8.
Re1 c5 9. d5 e5 10. dxe6 fxe6 11. Nf1 d5 12. exd5 exd5 13. Bb3 Kh7 14. Ng3
Nc6 15. Bd2 Bg4 16. Bc2 Bxf3 17. Qxf3 Ne4 18. Qd1 Nxd2 19. Qxd2 d4 20. c4
Qf6 21. Ne4 Qe5 22. h4 Qf4 23. Qxf4 Rxf4 24. Nxc5 Rxh4 25. Nxb7 Rb8 26. Nc5
Rxb2 27. Bd3 Ne5 28. g3 Rh5 29. Kg2 Ng4 30. Be2 Rh2+ 31. Kf3 Ne5+ 32. Ke4
Rxf2 33. Bd3 Ng4 34. Kd5 Ne3+ 35. Kc6 Rf6+ 36. Kd7 Rbb6 37. Be4 Rbd6+ 38.
Kc7 Bf8 39. Nb7 Rf7+ 40. Kc8 Re6 41. Bd5 Re8+ 42. Nd8 Nxd5 43. cxd5 Rxe1 44.
Rxe1 Re7 45. Rxe7+ Bxe7 46. Nc6 d3 47. Kb7 d2 48. Nb4 d1=Q
{White forfeits on time}
0-1

[Event "ICCopen2016"]
[Site "Internet Chess Club"]
[Date "2016.06.03"]
[Round "7"]
[White "Anarchy"]
[Black "Iturrizaga"]
[Result "1-0"]
[ICCResult "Black forfeits on time"]
[WhiteElo "2811"]
[BlackElo "2969"]
[Opening "Queen's Indian defense"]
[ECO "A47"]
[NIC "QP.06"]
[Time "20:06:25"]
[TimeControl "180+0"]

1. d4 Nf6 2. Nf3 b6 3. Bg5 Ne4 4. Bh4 Bb7 5. Nbd2 g6 6. e3 Bg7 7. Bd3 Nxd2
8. Qxd2 O-O 9. e4 c5 10. c3 d6 11. O-O Nc6 12. d5 Nb8 13. Rfe1 Nd7 14. c4 a6
15. a4 Re8 16. Rab1 Qc7 17. h3 Rab8 18. Kh1 e6 19. Bg3 Re7 20. Bc2 e5 21.
Nh2 a5 22. Nf1 Rf8 23. Ne3 Bc8 24. Bh2 Nf6 25. g4 Bd7 26. Rf1 Bh6 27. f3 Ne8
28. Rg1 Bg7 29. b3 Qd8 30. Rbf1 Bc8 31. Kg2 Rb7 32. Kf2 Bf6 33. Ke2 Bg5 34.
Kd1 Ng7 35. Qf2 Kh8 36. Bg3 f5 37. gxf5 gxf5 38. Bh2 Rbf7 39. Qe2 Bxe3 40.
Qxe3 fxe4 41. Bxe4 Bxh3 42. Rf2 Bf5 43. Rfg2 Bxe4 44. fxe4 Rf1+ 45. Rxf1
Rxf1+ 46. Ke2 Qf6 47. Bg3 Qf7 48. Rh2 Rf6 49. Qg5 Qg6 50. Qxg6 Rxg6 51. Bh4
Rh6 52. Kf3 Kg8 53. Kg4 Kf7 54. Rf2+ Ke8 55. Bf6 Rg6+ 56. Kh4 Rg1 57. Rf3
Rh1+ 58. Kg5 Rg1+ 59. Kh6 Rg6+ 60. Kxh7 {Black forfeits on time} 1-0

[Event "ICCopen2016"]
[Site "Internet Chess Club"]
[Date "2016.06.03"]
[Round "7"]
[White "A4-H5"]
[Black "InigoMI"]
[Result "1-0"]
[ICCResult "Black forfeits on time"]
[WhiteElo "1856"]
[BlackElo "1568"]
[Opening "English, Nimzovich variation"]
[ECO "A20"]
[NIC "EO.25"]
[Time "20:06:05"]
[TimeControl "180+0"]

1. c4 e5 2. Nf3 Nc6 3. d4 exd4 4. Nxd4 Nf6 5. g3 Ne5 6. Qc2 g6 7. Bg2 Bg7 8.
O-O O-O 9. b3 c6 10. Bb2 d5 11. Rd1 Bf5 12. Nxf5 gxf5 13. Bxe5 Qe7 14. Bb2
Rfe8 15. e3 Ne4 16. Bxg7 Kxg7 17. Bxe4 fxe4 18. cxd5 cxd5 19. Nc3 Rac8 20.
Qb2 Qe5 21. Na4 b5 22. Qxe5+ Rxe5 23. Nb2 Rc2 24. Rab1 Rf5 25. Rf1 h5 26. h4
Rf3 27. a4 a6 28. axb5 axb5 29. b4 Kf6 30. Nd1 Kf5 31. Rb2 Rc1 32. Rd2 Ke5
33. Nb2 Rc3 34. Rfd1 Ke6 35. Rxd5 Rc2 36. Rd6+ Ke7 37. Rd7+ Ke6 38. R7d2 Rc3
39. Ra1 Rb3 40. Nd1 Rxb4 41. Ra6+ Ke7 42. Nc3 Rb3 43. Nxe4 Rb1+ 44. Kg2 Rf5
45. Ra7+ Kf8 46. Rd8+ Kg7 47. Ng5 b4 48. Rdd7 b3 49. Rxf7+ Rxf7 50. Rxf7+
Kg6 51. Rb7 b2 52. Rb5 Kf6 53. Nf3 Kg6 54. Nd2 Rd1 55. Rxb2
{Black forfeits on time}
1-0

[Event "ICCopen2016"]
[Site "Internet Chess Club"]
[Date "2016.06.03"]
[Round "7"]
[White "Drahacik"]
[Black "ChessHouston"]
[Result "1-0"]
[ICCResult "Black checkmated"]
[WhiteElo "2112"]
[BlackElo "1830"]
[Opening "Pirc: Austrian attack, dragon formation"]
[ECO "B09"]
[NIC "PU.05"]
[Time "20:06:42"]
[TimeControl "180+0"]

1. e4 d6 2. d4 Nf6 3. Nc3 g6 4. f4 Bg7 5. Nf3 c5 6. Bb5+ Nc6 7. d5 a6 8. Ba4
b5 9. Nxb5 axb5 10. Bxb5 Qa5+ 11. Bd2 Qxb5 12. dxc6 Qxc6 13. e5 Ng4 14. O-O
Bb7 15. h3 Nh6 16. exd6 Qxd6 17. Qe2 Ba6 18. c4 Bxb2 19. Rab1 Bf6 20. Ne5
Nf5 21. Bc3 Ng3 22. Qf3 Rd8 23. Qxg3 O-O 24. Kh2 Bc8 25. Rf3 Bf5 26. Re1 Qa6
27. Rf2 Bg7 28. Qe3 Be6 29. Qxc5 Rc8 30. Qxe7 Rfe8 31. Qg5 Bxc4 32. f5 Bxe5+
33. Bxe5 f6 34. Bxf6 Rxe1 35. fxg6 Qd6+ 36. g3 Qd5 37. gxh7+ Kf7 38. Qg7+
Ke6 39. Qe7# {Black checkmated} 1-0